 Dungeon Crawl Stone Soup version 0.29-a0-11-ga75d3d97ab (webtiles) character file.

Game seed: 15870206597669003600

1 HallandMoats the Ruffian (level 1, 0/19 HPs)
             Began as a Ghoul Monk on Jan 28, 2022.
             Was a Priest of Lugonu.
             Constricted to death by a ball python (1 damage)
             ... on level 1 of the Dungeon.
             The game lasted 00:00:13 (137 turns).

HallandMoats the Ruffian (Ghoul Monk)                Turns: 137, Time: 00:00:14

Health: 0/19       AC:  2    Str: 14    XL:     1   Next: 20%
Magic:  0/0        EV:  9    Int:  5    God:    Lugonu [***...]
Gold:   14         SH:  0    Dex: 11    Spells: 0/0 levels left

rFire   . . .      SeeInvis .     - Unarmed
rCold   + . .      Faith    .   (no shield)
rNeg    + + +      Spirit   .   a - +0 robe
rPois   ∞          Reflect  .   (no helmet)
rElec   .          Harm     .   (no cloak)
rCorr   .          Rampage  .   (no gloves)
Will    .....                   (no boots)
Stlth   ++........              (no amulet)
HPRegen 0.00/turn               (no ring)
MPRegen 0.07/turn               (no ring)

@: inhibited regen, constricted
A: claws 1, cold resistance 1, negative energy resistance 3, inhibited
regeneration, torment resistance 2
a: Renounce Religion, Depart the Abyss, Bend Space, Banish


You were on level 1 of the Dungeon.
You worshipped Lugonu.
Lugonu was most pleased with you.
You visited 1 branch of the dungeon, and saw 1 of its levels.

You collected 14 gold pieces.

Inventory:

Armour
 a - a +0 robe (worn)
Potions
 b - a potion of brilliance {unknown}


   Skills:
 * Level 3.3 Fighting
 + Level 0.1 Armour
 + Level 2.7 Dodging
 - Level 2.1 Stealth
 * Level 3.3 Unarmed Combat
 + Level 0.0 Invocations


You couldn't memorise any spells.
You didn't know any spells.
Your spell library was empty.

Dungeon Overview and Level Annotations

Branches:
Dungeon (1/15)

Altars:
Lugonu


Innate Abilities, Weirdness & Mutations

You thrive by killing the living.
You are immune to poison.
You have sharp fingernails.
Your flesh is cold resistant. (rC+)
You are immune to negative energy. (rN+++)
You do not regenerate when monsters are visible.
You are immune to unholy pain and torment.


Message History

The kobold hits you but does no damage.
You scratch the kobold.
You kill the kobold!
Lugonu accepts your kill.
The ball python bites you but does no damage.
The ball python misses you. The endoplasm freezes you.
You are frozen.
You resist.
The ball python bites you but does no damage.
The ball python grabs you. The ball python constricts you.
The endoplasm closely misses you. The ball python bites you.
The ball python constricts you. The endoplasm hits you.
The ball python barely misses you. The ball python constricts you.
The endoplasm freezes you.
You are frozen.
You resist.
The ball python bites you but does no damage.
The ball python constricts you. The endoplasm hits you.
The ball python bites you. The ball python constricts you.
The ball python bites you. The ball python constricts you.
The endoplasm closely misses you. The ball python closely misses you.
The ball python constricts you. The endoplasm closely misses you.
The ball python bites you.
* * * LOW HITPOINT WARNING * * *
The ball python constricts you. The endoplasm closely misses you.
The ball python barely misses you. The ball python constricts you.
The endoplasm barely misses you. The ball python closely misses you.
The ball python constricts you. The endoplasm completely misses you.
The ball python bites you.
* * * LOW HITPOINT WARNING * * *
The ball python constricts you. The ball python bites you.
* * * LOW HITPOINT WARNING * * *
The ball python constricts you. The endoplasm closely misses you.
The ball python closely misses you. The ball python constricts you.
The endoplasm freezes you.
You are frozen.
You resist. The ball python barely misses you. The ball python constricts you.
You die...

.. ?... ..# .. ...# #.#
#.# ##..## #.# #.. ....#
#.# .###..####...# ##.##
.............# ##...#
..)....8.8...# ##....#
........_....###.#...#
......J@.....##.###.####
......S........## ##....
......###....##.###.####
.............###.#.##
##.##.############### ..
#...........# ###
##.8.♣.8.♣.8.##
#.#####.............##
#....∩.≈≈≈≈≈≈≈≈≈≈≈.<#


You could see an endoplasm and a ball python.

Vanquished Creatures
  A kobold (D:1)
1 creature vanquished.

Notes
Turn   | Place    | Note
-------+----------+-------------------------------------------
     0 | D:1      | HallandMoats the Ghoul Monk began the quest for the Orb.
     0 | D:1      | Reached XP level 1. HP: 19/19 MP: 0/0
   112 | D:1      | Found a faded altar of an unknown god.
   121 | D:1      | Prayed at the altar of an unknown god.
   121 | D:1      | Became a worshipper of Lugonu the Unformed
   121 | D:1      | Reached * piety under Lugonu
   121 | D:1      | Reached ** piety under Lugonu
   121 | D:1      | Reached *** piety under Lugonu
   137 | D:1      | Constricted to death by a ball python

Illustrated notes

Levels and vault maps discovered:
D:1:      mainiacjoe_arrival_reflecting_pool, layout_loops_ring,
          dreamdust_ecumenical_altar_statues, minmay_tetromino_s2

Action                   || total
-------------------------++-------
Melee: Unarmed           ||     3
Armor: Robe              ||     5
Dodge: Dodged            ||    15

Table legend: (Time is in decaauts)
 A = Elapsed time spent in this place.
 B = Non-inter-level travel time spent in this place.
 C = Inter-level travel time spent in this place.
 D = Time resting spent in this place.
 E = Time spent auto-exploring this place.
 F = Levels seen in this place.
 G = Mean time per level.
                   A        B        C        D        E       F      G
               +--------+--------+--------+--------+--------+-----+--------+
         Total |    137 |    137 |      0 |      0 |    115 |   1 |  137.0 |
       Dungeon |    137 |    137 |      0 |      0 |    115 |   1 |  137.0 |
               +--------+--------+--------+--------+--------+-----+--------+

Top non-repeatable levels by time:
     D:1: 137 daAuts
